TAMPA BAY vs PHILADELPHIA

Created - May 15, 2021 at 14:15

Goals
1 2 3 T
TAMPA BAY 3 2 1 6
PHILADELPHIA 4 0 0 4
Shots
1 2 3 T
TAMPA BAY 16 14 7 37
PHILADELPHIA 15 5 6 26

1st period

1. PHILADELPHIA , Tyler Pitlick 7 (Erik Gudbranson 14, Andrew Shaw 11) at 2:14 (PP)
2. PHILADELPHIA , Jeff Skinner 13 (Travis Sanheim 26) at 3:05
3. PHILADELPHIA , Max Jones 3 (Jack Hughes 11, Andy Andreoff 7) at 4:28
4. TAMPA BAY , Elias Lindholm 24 (Sebastian Aho 47, Rasmus Andersson 33) at 5:24
5. PHILADELPHIA , Michael Stone 5 (Jeff Skinner 18, Anthony Cirelli 29) at 6:51 (PP)
6. TAMPA BAY , MacKenzie Weegar 7 (Jakob Silfverberg 28, Viktor Arvidsson 23) at 9:41 (PP)
7. TAMPA BAY , Sebastian Aho 38 (Zach Werenski 37, Elias Lindholm 33) at 11:52

Penalties :
Robby Fabbri (TB ) for Hooking (Minor) at 1:06, MacKenzie Weegar (TB ) for Holding (Minor) at 6:01, Niklas Kronwall (PHI) for Slashing (Double Minor) at 7:24

2nd period

8. TAMPA BAY , Sebastian Aho 39 (Elias Lindholm 34) at 9:29
9. TAMPA BAY , Mathew Barzal 27 (Vladislav Gavrikov 22, MacKenzie Weegar 24) at 17:52

Penalties :
Adam Pelech (PHI) for Hooking (Minor) at 0:50, Adam Pelech (PHI) for Interference (Minor) at 3:16

3rd period

10. TAMPA BAY , Mathew Barzal 28 (Sebastian Aho 48, MacKenzie Weegar 25) at 19:55 (Empty Net)

Penalties :
Filip Forsberg (TB ) for Elbowing (Minor) at 4:27, Erik Gudbranson (PHI) for Hooking (Minor) at 8:46, Anthony Cirelli (PHI) for Holding (Minor) at 12:57, MacKenzie Weegar (TB ) for Charging (Minor) at 16:37

Goalie Stats

Mike Smith (TB ), 22 saves from 26 shots - (0.846), W, 11-6-4, 60:00 minutes
Brian Elliott (PHI), 31 saves from 36 shots - (0.861), L, 18-26-6, 59:06 minutes

Players Stats for TAMPA BAY

Player Name              G  A  P  +/- PIM S  H  SB GA TA FO     MP     PP MP  PK MP  
------------------------------------------------------------------------------------
Elias Lindholm           1  2  3   3  0   3  1  0  0  0  22/37  21:26   5:26   3:56 
Filip Chytil             0  0  0   0  0   0  0  0  0  0  10/15  11:58   0:00   0:00 
Filip Forsberg           0  0  0   2  2   2  1  0  0  0  2/2    17:23   5:26   0:12 
Jake Virtanen            0  0  0  -1  0   0  0  0  0  0  1/1     9:05   0:28   0:00 
Jakob Silfverberg        0  1  1   1  0   4  0  0  0  0  1/1    19:55   4:47   3:56 
Jesper Bratt             0  0  0   0  0   3  1  0  0  0  0/1    11:58   0:00   0:00 
John Klingberg           0  0  0   0  0   3  3  2  0  0  0/0    23:52   5:29   3:38 
MacKenzie Weegar         1  2  3   2  4   1  1  2  0  0  0/0    18:24   4:44   0:00 
Mathew Barzal            2  0  2   2  0   4  1  1  0  0  3/15   18:05   4:47   1:48 
Michael Grabner          0  0  0  -1  0   2  0  0  0  0  0/0    10:25   0:00   1:48 
Nick Leddy               0  0  0   1  0   2  1  1  0  0  0/0    22:26   4:44   2:18 
Rasmus Andersson         0  1  1   1  0   1  2  1  0  0  0/0    15:24   0:00   0:00 
Robby Fabbri             0  0  0   0  2   0  1  0  0  0  0/0    11:57   0:00   0:00 
Sebastian Aho            2  2  4   3  0   5  0  0  0  0  1/1    17:30   5:26   0:00 
Tyson Jost               0  0  0  -1  0   0  0  0  0  0  7/12    8:37   0:00   0:00 
Viktor Arvidsson         0  1  1   1  0   2  1  0  0  0  1/2    15:43   4:19   0:12 
Vladislav Gavrikov       0  1  1   2  0   0  1  1  0  0  0/0    16:00   0:00   2:18 
Zach Werenski            0  1  1   0  0   5  1  1  0  0  0/0    23:52   5:29   3:38 

Players Stats for PHILADELPHIA

Player Name              G  A  P  +/- PIM S  H  SB GA TA FO     MP     PP MP  PK MP  
------------------------------------------------------------------------------------
Adam Pelech              0  0  0  -3  4   0  2  2  0  0  0/0    23:45   3:46   3:25 
Andre Burakovsky         0  0  0   0  0   1  0  0  0  0  1/5    18:20   3:08   2:43 
Andrew Shaw              0  1  1  -1  0   4  5  0  0  0  4/13   15:25   2:48   0:00 
Andy Andreoff            0  1  1   0  0   2  2  0  0  0  0/0    13:51   0:00   0:28 
Anthony Cirelli          0  1  1   0  2   1  0  0  0  0  22/38  21:07   3:08   5:31 
Eeli Tolvanen            0  0  0  -2  0   2  0  0  0  0  0/1     5:22   0:00   0:00 
Erik Gudbranson          0  1  1  -1  2   0  3  2  0  0  0/0    20:00   2:10   4:06 
Jack Hughes              0  1  1   0  0   1  0  0  0  0  3/14   13:49   0:00   0:26 
Jeff Skinner             1  1  2   0  0   3  0  0  0  0  1/4    22:23   3:08   6:46 
Lias Andersson           0  0  0  -2  0   1  0  0  0  0  7/8     6:27   0:00   1:05 
Mathias Brome            0  0  0  -2  0   0  0  0  0  0  0/1     5:34   0:00   0:12 
Max Jones                1  0  1   0  0   2  0  0  0  0  0/0    13:55   0:00   0:32 
Michael Stone            1  0  1  -1  0   3  3  1  0  0  0/0    21:21   2:10   4:52 
Mikko Lehtonen           0  0  0   1  0   0  0  1  0  0  0/0    14:22   0:00   0:10 
Niklas Kronwall          0  0  0   1  4   0  2  0  0  0  0/0    15:51   0:00   2:56 
Travis Sanheim           0  1  1  -3  0   1  0  0  0  0  0/0    24:37   3:46   4:57 
Tyler Ennis              0  0  0  -1  0   0  0  0  0  0  1/1    18:08   2:48   2:43 
Tyler Pitlick            1  0  1  -1  0   5  1  1  0  0  0/2    15:25   2:48   0:00 

3 Stars

1 - Sebastian Aho (TB )
2 - Elias Lindholm (TB )
3 - Mathew Barzal (TB )

Power Play

TAMPA BAY - 1 on 6 Attempt(s) - 16.67%
PHILADELPHIA - 2 on 4 Attempt(s) - 50.00%

Penalty Kill

TAMPA BAY - 2 on 4 Attempt(s) - 50.00% - Score 0 goal in Penalty Kill
PHILADELPHIA - 5 on 6 Attempt(s) - 83.33% - Score 0 goal in Penalty Kill

Team Stat

TAMPA BAY - Hits : 15 - Faceoff Wins : 48 - Blocked Shots : 9 - Penalty Minutes : 8
PHILADELPHIA - Hits : 18 - Faceoff Wins : 39 - Blocked Shots : 7 - Penalty Minutes : 12

Official

Referees : Andrew Wilk and Justin Ridenour
Linesman : Matthew Tanti and Brian Murphy

Game Notes

Mathew Barzal has scored in a empty net!

Finance

Level 1 -- Attendance: 4332 (72.20%) -- Ticket Income $433,200
Level 2 -- Attendance: 3896 (77.92%) -- Ticket Income $233,760
Level 3 -- Attendance: 1721 (86.05%) -- Ticket Income $60,235
Level 4 -- Attendance: 4000 (100.00%) -- Ticket Income $80,000
Luxury Box -- Attendance: 751 (75.10%) -- Ticket Income $150,200
Game was played at the Wells Fargo Center.
Total Attendance: 14700 (81.67%)
Total Ticket Income: $957,395
Total Income: $957,395

TAMPA BAY

5 vs 5 Forward 
   Center                   Left Wing                Right Wing               Time % Phy DF OF 
 1 Elias Lindholm           Sebastian Aho            Filip Forsberg           30     1   2  2  
 2 Mathew Barzal            Viktor Arvidsson         Jakob Silfverberg        28     1   2  2  
 3 Filip Chytil             Jesper Bratt             Robby Fabbri             24     1   2  2  
 4 Tyson Jost               Michael Grabner          Jake Virtanen            18     1   2  2  

5 vs 5 Defense 
   Defense                  Defense                                           Time % Phy DF OF 
 1 Zach Werenski            John Klingberg                                    35     1   2  2  
 2 Rasmus Andersson         Nick Leddy                                        33     1   2  2  
 3 MacKenzie Weegar         Vladislav Gavrikov                                32     1   2  2  
 4 MacKenzie Weegar         Vladislav Gavrikov                                0      1   2  2  

PowerPlay Forward 
   Center                   Left Wing                Right Wing               Time % Phy DF OF 
 1 Elias Lindholm           Sebastian Aho            Filip Forsberg           60     1   2  2  
 2 Mathew Barzal            Viktor Arvidsson         Jakob Silfverberg        40     1   2  2  

PowerPlay Defense
   Defense                  Defense                                           Time % Phy DF OF 
 1 Zach Werenski            John Klingberg                                    60     1   2  2  
 2 Nick Leddy               MacKenzie Weegar                                  40     1   2  2  

Penalty Kill 4 Players Forward 
   Center                   Wing                     Time % Phy DF OF 
 1 Elias Lindholm           Jakob Silfverberg        60     1   3  1  
 2 Mathew Barzal            Michael Grabner          40     1   3  1  

Penalty Kill 4 Players Defense
   Defense                  Defense                  Time % Phy DF OF 
 1 Zach Werenski            John Klingberg           60     1   3  1  
 2 Nick Leddy               Vladislav Gavrikov       40     1   3  1  

Penalty Kill - 3 Players Forward 
   Forward                                           Time % Phy DF OF 
 1 Sebastian Aho                                     60     1   2  2  
 2 Elias Lindholm                                    40     1   2  2  

Penalty Kill - 3 Players Defense
   Defense                  Defense                  Time % Phy DF OF 
 1 Zach Werenski            John Klingberg           60     1   2  2  
 2 Nick Leddy               Vladislav Gavrikov       40     1   2  2  

4 vs 4 Forward 
   Center                   Wing                     Time % Phy DF OF 
 1 Sebastian Aho            Elias Lindholm           60     1   2  2  
 2 Mathew Barzal            Filip Forsberg           40     1   2  2  

4 vs 4 Defense
   Defense                  Defense                  Time % Phy DF OF 
 1 Zach Werenski            John Klingberg           60     1   2  2  
 2 Rasmus Andersson         Nick Leddy               40     1   2  2  

Last Minutes Offensive
   Center                   Left Wing                Right Wing               Defense                  Defense                  
   Elias Lindholm           Sebastian Aho            Mathew Barzal            Zach Werenski            John Klingberg           

Last Minutes Defensive
   Center                   Left Wing                Right Wing               Defense                  Defense                  
   Elias Lindholm           Sebastian Aho            Mathew Barzal            Zach Werenski            John Klingberg           

Goaltenders
Starting : Mike Smith               
Backup : Anders Nilsson           

Extra Forwards
Normal : Jesper Bratt, Jake Virtanen, Robby Fabbri - PP : Jake Virtanen, Jesper Bratt - PK : Filip Forsberg
Extra Defensemen
Normal : MacKenzie Weegar, Vladislav Gavrikov, Nick Leddy - PP : Rasmus Andersson - PK : Rasmus Andersson, MacKenzie Weegar
Penalty Shots
Sebastian Aho, Elias Lindholm, Mathew Barzal, Filip Forsberg, Viktor Arvidsson

Scratches
Sonny Milano (Healthy), TB Cap Hit (Healthy), Casey DeSmith (Healthy)

PHILADELPHIA

5 vs 5 Forward 
   Center                   Left Wing                Right Wing               Time % Phy DF OF 
 1 Anthony Cirelli          Jeff Skinner             Andre Burakovsky         35     1   2  2  
 2 Andrew Shaw              Tyler Ennis              Tyler Pitlick            30     1   2  2  
 3 Jack Hughes              Max Jones                Andy Andreoff            25     1   2  2  
 4 Lias Andersson           Mathias Brome            Eeli Tolvanen            10     1   2  2  

5 vs 5 Defense 
   Defense                  Defense                                           Time % Phy DF OF 
 1 Adam Pelech              Travis Sanheim                                    35     1   2  2  
 2 Erik Gudbranson          Michael Stone                                     30     1   2  2  
 3 Mikko Lehtonen           Niklas Kronwall                                   25     1   2  2  
 4 Adam Pelech              Travis Sanheim                                    10     1   2  2  

PowerPlay Forward 
   Center                   Left Wing                Right Wing               Time % Phy DF OF 
 1 Anthony Cirelli          Jeff Skinner             Andre Burakovsky         60     1   2  2  
 2 Andrew Shaw              Tyler Ennis              Tyler Pitlick            40     1   2  2  

PowerPlay Defense
   Defense                  Defense                                           Time % Phy DF OF 
 1 Adam Pelech              Travis Sanheim                                    60     1   2  2  
 2 Erik Gudbranson          Michael Stone                                     40     1   2  2  

Penalty Kill 4 Players Forward 
   Center                   Wing                     Time % Phy DF OF 
 1 Anthony Cirelli          Jeff Skinner             60     1   2  2  
 2 Andre Burakovsky         Tyler Ennis              40     1   2  2  

Penalty Kill 4 Players Defense
   Defense                  Defense                  Time % Phy DF OF 
 1 Adam Pelech              Travis Sanheim           60     1   2  2  
 2 Erik Gudbranson          Michael Stone            40     1   2  2  

Penalty Kill - 3 Players Forward 
   Forward                                           Time % Phy DF OF 
 1 Anthony Cirelli                                   60     1   2  2  
 2 Jeff Skinner                                      40     1   2  2  

Penalty Kill - 3 Players Defense
   Defense                  Defense                  Time % Phy DF OF 
 1 Adam Pelech              Travis Sanheim           60     1   2  2  
 2 Erik Gudbranson          Michael Stone            40     1   2  2  

4 vs 4 Forward 
   Center                   Wing                     Time % Phy DF OF 
 1 Anthony Cirelli          Jeff Skinner             60     1   2  2  
 2 Andre Burakovsky         Tyler Ennis              40     1   2  2  

4 vs 4 Defense
   Defense                  Defense                  Time % Phy DF OF 
 1 Adam Pelech              Travis Sanheim           60     1   2  2  
 2 Erik Gudbranson          Michael Stone            40     1   2  2  

Last Minutes Offensive
   Center                   Left Wing                Right Wing               Defense                  Defense                  
   Anthony Cirelli          Jeff Skinner             Andre Burakovsky         Adam Pelech              Travis Sanheim           

Last Minutes Defensive
   Center                   Left Wing                Right Wing               Defense                  Defense                  
   Anthony Cirelli          Jeff Skinner             Andre Burakovsky         Adam Pelech              Travis Sanheim           

Goaltenders
Starting : Brian Elliott            
Backup : Anthony Stolarz          

Extra Forwards
Normal : Jack Hughes, Max Jones, Andy Andreoff - PP : Jack Hughes, Max Jones - PK : Andy Andreoff
Extra Defensemen
Normal : Mikko Lehtonen, Niklas Kronwall, Erik Gudbranson - PP : Mikko Lehtonen - PK : Niklas Kronwall, Erik Gudbranson
Penalty Shots
Anthony Cirelli, Jeff Skinner, Andre Burakovsky, Tyler Ennis, Andrew Shaw

Scratches
Korbinian Holzer (Healthy), PHI Cap Hit (Suspend), Dan Girardi (Healthy)

% Time on Ice - TAMPA BAY

Lines # - Real PCT - Wanted PCT - Time Play
Normal Forward
1 - 27% - 30% - 11:46
2 - 26% - 28% - 11:12
3 - 27% - 24% - 11:58
4 - 20% - 18% - 8:37
Normal Defense
1 - 34% - 35% - 14:45
2 - 35% - 33% - 15:24
3 - 31% - 32% - 13:24
4 - 0% - 0% - 0:00
PP Forward
1 - 53% - 60% - 5:26
2 - 47% - 40% - 4:47
PP Defense
1 - 54% - 60% - 5:29
2 - 46% - 40% - 4:44
PK Forward
1 - 70% - 60% - 4:08
2 - 30% - 40% - 1:48
PK Defense
1 - 61% - 60% - 3:38
2 - 39% - 40% - 2:18
PK3 Forward
1 - 0% - 60%
2 - 0% - 40%
PK3 Defense
1 - 0% - 60%
2 - 0% - 40%
44 Forward
1 - 0% - 60%
2 - 0% - 40%
44 Defense
1 - 0% - 60%
2 - 0% - 40%
Last Minute Offensive  - 0:00
Last Minute Defensive  - 0:18
Total
Forward - 60:00
Defense - 60:00

% Time on Ice - PHILADELPHIA

Lines # - Real PCT - Wanted PCT - Time Play
Normal Forward
1 - 28% - 35% - 12:29
2 - 29% - 30% - 12:37
3 - 31% - 25% - 13:23
4 - 12% - 10% - 5:22
Normal Defense
1 - 34% - 35% - 14:53
2 - 31% - 30% - 13:45
3 - 31% - 25% - 13:30
4 - 4% - 10% - 1:43
PP Forward
1 - 53% - 60% - 3:08
2 - 47% - 40% - 2:48
PP Defense
1 - 63% - 60% - 3:46
2 - 37% - 40% - 2:10
PK Forward
1 - 73% - 60% - 7:30
2 - 27% - 40% - 2:43
PK Defense
1 - 50% - 60% - 5:07
2 - 50% - 40% - 5:06
PK3 Forward
1 - 0% - 60%
2 - 0% - 40%
PK3 Defense
1 - 0% - 60%
2 - 0% - 40%
44 Forward
1 - 0% - 60%
2 - 0% - 40%
44 Defense
1 - 0% - 60%
2 - 0% - 40%
Last Minute Offensive  - 0:00
Last Minute Defensive  - 0:00
Total
Forward - 60:00
Defense - 60:00

Play-by-Play

1st period


0:01 of 1st period - Anthony Cirelli wins face-off versus Elias Lindholm in neutral zone.
0:03 of 1st period - Travis Sanheim is hit by John Klingberg and loses puck.
0:26 of 1st period - Shot by Jeff Skinner.
0:26 of 1st period - Stopped by Mike Smith without a rebound.
0:27 of 1st period - Andrew Shaw wins face-off versus Mathew Barzal in TAMPA BAY zone.
0:46 of 1st period - Shot by Tyler Pitlick.
0:46 of 1st period - Shot Misses the Net.
0:52 of 1st period - Shot by Michael Stone.
0:52 of 1st period - Shot Misses the Net.
0:54 of 1st period - Shot by Tyler Pitlick.
0:54 of 1st period - Stopped by Mike Smith without a rebound.
0:55 of 1st period - Filip Chytil wins face-off versus Jack Hughes in TAMPA BAY zone.
0:55 of 1st period - Filip Chytil is hit by Andy Andreoff.
1:05 of 1st period - Shot by Vladislav Gavrikov.
1:05 of 1st period - Shot Blocked by Mikko Lehtonen.
1:06 of 1st period - Minor Penalty to Robby Fabbri for Hooking.
1:07 of 1st period - Anthony Cirelli wins face-off versus Elias Lindholm in TAMPA BAY zone.
2:00 of 1st period - Shot by Michael Stone.
2:00 of 1st period - Stopped by Mike Smith without a rebound.
2:01 of 1st period - Elias Lindholm wins face-off versus Andrew Shaw in TAMPA BAY zone.
2:12 of 1st period - Shot by Erik Gudbranson.
2:12 of 1st period - Shot Misses the Net.
2:14 of 1st period - Shot by Tyler Pitlick.
2:14 of 1st period - Goal by Tyler Pitlick - TAMPA BAY : 0 - PHILADELPHIA : 1.
2:15 of 1st period - Jack Hughes wins face-off versus Filip Chytil in neutral zone.
2:20 of 1st period - Shot by Max Jones.
2:20 of 1st period - Stopped by Mike Smith without a rebound.
2:21 of 1st period - Tyson Jost wins face-off versus Jack Hughes in TAMPA BAY zone.
2:30 of 1st period - Shot by Michael Grabner.
2:30 of 1st period - Stopped by Brian Elliott without a rebound.
2:31 of 1st period - Anthony Cirelli wins face-off versus Elias Lindholm in PHILADELPHIA zone.
2:51 of 1st period - Sebastian Aho is hit by Adam Pelech and loses puck.
3:03 of 1st period - Shot by Travis Sanheim.
3:03 of 1st period - Shot Misses the Net.
3:05 of 1st period - Shot by Jeff Skinner.
3:05 of 1st period - Goal by Jeff Skinner - TAMPA BAY : 0 - PHILADELPHIA : 2.
3:06 of 1st period - Filip Chytil wins face-off versus Andrew Shaw in neutral zone.
3:06 of 1st period - Filip Chytil is hit by Andrew Shaw.
3:43 of 1st period - Jesper Bratt is hit by Erik Gudbranson and loses puck.
3:57 of 1st period - Off-side.
3:58 of 1st period - Tyson Jost wins face-off versus Jack Hughes in neutral zone.
4:26 of 1st period - Shot by Jack Hughes.
4:26 of 1st period - Shot Misses the Net.
4:28 of 1st period - Shot by Max Jones.
4:28 of 1st period - Goal by Max Jones - TAMPA BAY : 0 - PHILADELPHIA : 3.
4:29 of 1st period - Anthony Cirelli wins face-off versus Mathew Barzal in neutral zone.
5:08 of 1st period - Shot by Mathew Barzal.
5:08 of 1st period - Stopped by Brian Elliott without a rebound.
5:09 of 1st period - Lias Andersson wins face-off versus Elias Lindholm in PHILADELPHIA zone.
5:09 of 1st period - Lias Andersson is hit by Filip Forsberg.
5:24 of 1st period - Shot by Elias Lindholm.
5:24 of 1st period - Goal by Elias Lindholm - TAMPA BAY : 1 - PHILADELPHIA : 3.
5:25 of 1st period - Tyson Jost wins face-off versus Jack Hughes in neutral zone.
5:35 of 1st period - Jake Virtanen is hit by Niklas Kronwall.
5:39 of 1st period - Shot by Michael Grabner.
5:39 of 1st period - Stopped by Brian Elliott with a rebound.
5:55 of 1st period - Shot by Jack Hughes.
5:55 of 1st period - Shot Blocked by MacKenzie Weegar.
5:57 of 1st period - Shot by Andy Andreoff.
5:57 of 1st period - Shot Misses the Net.
5:59 of 1st period - Shot by Andy Andreoff.
5:59 of 1st period - Shot Misses the Net.
6:01 of 1st period - Shot by Andy Andreoff.
6:01 of 1st period - Stopped by Mike Smith without a rebound.
6:01 of 1st period - Minor Penalty to MacKenzie Weegar for Holding.
6:02 of 1st period - Anthony Cirelli wins face-off versus Elias Lindholm in TAMPA BAY zone.
6:11 of 1st period - Shot by Jeff Skinner.
6:11 of 1st period - Stopped by Mike Smith without a rebound.
6:12 of 1st period - Elias Lindholm wins face-off versus Andrew Shaw in TAMPA BAY zone.
6:39 of 1st period - Shot by Tyler Ennis.
6:39 of 1st period - Shot Blocked by Zach Werenski.
6:41 of 1st period - Shot by Andrew Shaw.
6:41 of 1st period - Stopped by Mike Smith without a rebound.
6:42 of 1st period - Anthony Cirelli wins face-off versus Mathew Barzal in TAMPA BAY zone.
6:49 of 1st period - Shot by Jeff Skinner.
6:49 of 1st period - Shot Misses the Net.
6:51 of 1st period - Shot by Michael Stone.
6:51 of 1st period - Goal by Michael Stone - TAMPA BAY : 1 - PHILADELPHIA : 4.
6:52 of 1st period - Lias Andersson wins face-off versus Filip Chytil in neutral zone.
7:11 of 1st period - Shot by Robby Fabbri.
7:11 of 1st period - Shot Misses the Net.
7:24 of 1st period - Double Minor Penalty to Niklas Kronwall for Slashing.
7:25 of 1st period - Jeff Skinner wins face-off versus Elias Lindholm in PHILADELPHIA zone.
7:40 of 1st period - Shot by Jeff Skinner.
7:40 of 1st period - Shot Misses the Net.
8:24 of 1st period - Anthony Cirelli is hit by Viktor Arvidsson and loses puck.
8:46 of 1st period - Shot by Nick Leddy.
8:46 of 1st period - Stopped by Brian Elliott without a rebound.
8:47 of 1st period - Elias Lindholm wins face-off versus Andre Burakovsky in PHILADELPHIA zone.
8:48 of 1st period - Shot by Zach Werenski.
8:48 of 1st period - Stopped by Brian Elliott without a rebound.
8:49 of 1st period - Elias Lindholm wins face-off versus Andre Burakovsky in PHILADELPHIA zone.
9:02 of 1st period - Shot by Zach Werenski.
9:02 of 1st period - Stopped by Brian Elliott without a rebound.
9:03 of 1st period - Viktor Arvidsson wins face-off versus Anthony Cirelli in PHILADELPHIA zone.
9:03 of 1st period - Viktor Arvidsson is hit by Michael Stone.
9:36 of 1st period - Viktor Arvidsson is hit by Michael Stone and loses puck.
9:39 of 1st period - Shot by Jakob Silfverberg.
9:39 of 1st period - Stopped by Brian Elliott with a rebound.
9:41 of 1st period - Shot by MacKenzie Weegar.
9:41 of 1st period - Goal by MacKenzie Weegar - TAMPA BAY : 2 - PHILADELPHIA : 4.
9:42 of 1st period - Elias Lindholm wins face-off versus Andrew Shaw in neutral zone.
9:52 of 1st period - Adam Pelech is hit by Zach Werenski and loses puck.
10:00 of 1st period - Andrew Shaw is hit by John Klingberg.
10:43 of 1st period - Off-side.
10:44 of 1st period - Lias Andersson wins face-off versus Mathew Barzal in neutral zone.
11:18 of 1st period - Shot by Eeli Tolvanen.
11:18 of 1st period - Shot Blocked by Mathew Barzal.
11:20 of 1st period - Shot by Eeli Tolvanen.
11:20 of 1st period - Shot Blocked by MacKenzie Weegar.
11:22 of 1st period - Shot by Eeli Tolvanen.
11:22 of 1st period - Stopped by Mike Smith without a rebound.
11:23 of 1st period - Filip Chytil wins face-off versus Anthony Cirelli in TAMPA BAY zone.
11:28 of 1st period - Shot by Jesper Bratt.
11:28 of 1st period - Stopped by Brian Elliott without a rebound.
11:29 of 1st period - Anthony Cirelli wins face-off versus Filip Chytil in PHILADELPHIA zone.
11:37 of 1st period - Off-side.
11:38 of 1st period - Sebastian Aho wins face-off versus Andrew Shaw in neutral zone.
11:48 of 1st period - Elias Lindholm is hit by Adam Pelech.
11:52 of 1st period - Shot by Sebastian Aho.
11:52 of 1st period - Goal by Sebastian Aho - TAMPA BAY : 3 - PHILADELPHIA : 4.
11:53 of 1st period - Jakob Silfverberg wins face-off versus Anthony Cirelli in neutral zone.
11:56 of 1st period - Shot by Mathew Barzal.
11:56 of 1st period - Deflect By Viktor Arvidsson.
11:56 of 1st period - Stopped by Brian Elliott without a rebound.
11:57 of 1st period - Anthony Cirelli wins face-off versus Viktor Arvidsson in PHILADELPHIA zone.
12:14 of 1st period - Shot by Jakob Silfverberg.
12:14 of 1st period - Shot Misses the Net.
12:55 of 1st period - Sebastian Aho is hit by Erik Gudbranson.
13:13 of 1st period - Shot by Elias Lindholm.
13:13 of 1st period - Shot Misses the Net.
13:56 of 1st period - Icing by Jesper Bratt.
13:57 of 1st period - Filip Chytil wins face-off versus Jack Hughes in TAMPA BAY zone.
14:08 of 1st period - Shot by Zach Werenski.
14:08 of 1st period - Stopped by Brian Elliott without a rebound.
14:09 of 1st period - Tyson Jost wins face-off versus Lias Andersson in PHILADELPHIA zone.
14:43 of 1st period - Shot by Lias Andersson.
14:43 of 1st period - Stopped by Mike Smith without a rebound.
14:44 of 1st period - Jack Hughes wins face-off versus Mathew Barzal in TAMPA BAY zone.
15:04 of 1st period - Shot by Mathew Barzal.
15:04 of 1st period - Shot Misses the Net.
16:19 of 1st period - Vladislav Gavrikov is hit by Andrew Shaw.
16:37 of 1st period - Shot by Andrew Shaw.
16:37 of 1st period - Shot Blocked by Vladislav Gavrikov.
16:39 of 1st period - Shot by Tyler Ennis.
16:39 of 1st period - Shot Misses the Net.
16:47 of 1st period - Shot by Andrew Shaw.
16:47 of 1st period - Stopped by Mike Smith without a rebound.
16:48 of 1st period - Filip Chytil wins face-off versus Eeli Tolvanen in TAMPA BAY zone.
16:57 of 1st period - Shot by Jesper Bratt.
16:57 of 1st period - Stopped by Brian Elliott without a rebound.
16:58 of 1st period - Jack Hughes wins face-off versus Tyson Jost in PHILADELPHIA zone.
17:05 of 1st period - Icing by Zach Werenski.
17:06 of 1st period - Anthony Cirelli wins face-off versus Tyson Jost in TAMPA BAY zone.
17:15 of 1st period - Shot by Andre Burakovsky.
17:15 of 1st period - Stopped by Mike Smith with a rebound.
17:17 of 1st period - Shot by Travis Sanheim.
17:17 of 1st period - Shot Misses the Net.
17:58 of 1st period - Zach Werenski is hit by Andrew Shaw and loses puck.
19:05 of 1st period - Shot by Jesper Bratt.
19:05 of 1st period - Stopped by Brian Elliott with a rebound.
19:44 of 1st period - Shot by Jakob Silfverberg.
19:44 of 1st period - Stopped by Brian Elliott without a rebound.
19:45 of 1st period - Elias Lindholm wins face-off versus Anthony Cirelli in PHILADELPHIA zone.
Goals for this period are 3 for TAMPA BAY vs 4 for PHILADELPHIA.
Shots for this period are 16 for TAMPA BAY vs 15 for PHILADELPHIA.

2nd period


0:01 of 2nd period - Anthony Cirelli wins face-off versus Jesper Bratt in neutral zone.
0:06 of 2nd period - Shot by Anthony Cirelli.
0:06 of 2nd period - Stopped by Mike Smith without a rebound.
0:07 of 2nd period - Mathew Barzal wins face-off versus Anthony Cirelli in TAMPA BAY zone.
0:11 of 2nd period - Off-side.
0:12 of 2nd period - Filip Forsberg wins face-off versus Anthony Cirelli in neutral zone.
0:15 of 2nd period - Shot by Sebastian Aho.
0:15 of 2nd period - Stopped by Brian Elliott with a rebound.
0:17 of 2nd period - Shot by Elias Lindholm.
0:17 of 2nd period - Deflect By Sebastian Aho.
0:17 of 2nd period - Shot Misses the Net.
0:19 of 2nd period - Shot by Filip Forsberg.
0:19 of 2nd period - Stopped by Brian Elliott without a rebound.
0:20 of 2nd period - Filip Chytil wins face-off versus Anthony Cirelli in PHILADELPHIA zone.
0:31 of 2nd period - Shot by Filip Chytil.
0:31 of 2nd period - Shot Misses the Net.
0:50 of 2nd period - Minor Penalty to Adam Pelech for Hooking.
0:51 of 2nd period - Anthony Cirelli wins face-off versus Elias Lindholm in PHILADELPHIA zone.
0:51 of 2nd period - Anthony Cirelli is hit by Elias Lindholm.
1:07 of 2nd period - Shot by Filip Forsberg.
1:07 of 2nd period - Stopped by Brian Elliott without a rebound.
1:08 of 2nd period - Mathew Barzal wins face-off versus Anthony Cirelli in PHILADELPHIA zone.
1:09 of 2nd period - Shot by Jakob Silfverberg.
1:09 of 2nd period - Stopped by Brian Elliott without a rebound.
1:10 of 2nd period - Elias Lindholm wins face-off versus Jeff Skinner in PHILADELPHIA zone.
1:11 of 2nd period - Shot by John Klingberg.
1:11 of 2nd period - Shot Misses the Net.
1:13 of 2nd period - Shot by Sebastian Aho.
1:13 of 2nd period - Stopped by Brian Elliott without a rebound.
1:14 of 2nd period - Anthony Cirelli wins face-off versus Elias Lindholm in PHILADELPHIA zone.
1:41 of 2nd period - Icing by John Klingberg.
1:42 of 2nd period - Andre Burakovsky wins face-off versus Elias Lindholm in TAMPA BAY zone.
1:49 of 2nd period - Icing by Zach Werenski.
1:50 of 2nd period - Anthony Cirelli wins face-off versus Elias Lindholm in TAMPA BAY zone.
2:41 of 2nd period - Shot by Tyler Ennis.
2:41 of 2nd period - Shot Misses the Net.
3:07 of 2nd period - Shot by Jesper Bratt.
3:07 of 2nd period - Deflect By Robby Fabbri.
3:07 of 2nd period - Shot Misses the Net.
3:09 of 2nd period - Shot by Nick Leddy.
3:09 of 2nd period - Stopped by Brian Elliott with a rebound.
3:11 of 2nd period - Shot by Nick Leddy.
3:11 of 2nd period - Shot Misses the Net.
3:13 of 2nd period - Shot by Rasmus Andersson.
3:13 of 2nd period - Shot Blocked by Adam Pelech.
3:15 of 2nd period - Shot by Rasmus Andersson.
3:15 of 2nd period - Shot Misses the Net.
3:16 of 2nd period - Minor Penalty to Adam Pelech for Interference.
3:17 of 2nd period - Anthony Cirelli wins face-off versus Mathew Barzal in PHILADELPHIA zone.
3:48 of 2nd period - Shot by Zach Werenski.
3:48 of 2nd period - Stopped by Brian Elliott without a rebound.
3:49 of 2nd period - Filip Forsberg wins face-off versus Anthony Cirelli in PHILADELPHIA zone.
4:55 of 2nd period - Shot by John Klingberg.
4:55 of 2nd period - Stopped by Brian Elliott without a rebound.
4:56 of 2nd period - Anthony Cirelli wins face-off versus Mathew Barzal in PHILADELPHIA zone.
7:49 of 2nd period - Shot by Viktor Arvidsson.
7:49 of 2nd period - Stopped by Brian Elliott without a rebound.
7:50 of 2nd period - Jake Virtanen wins face-off versus Jack Hughes in PHILADELPHIA zone.
8:03 of 2nd period - Shot by John Klingberg.
8:03 of 2nd period - Stopped by Brian Elliott without a rebound.
8:04 of 2nd period - Tyson Jost wins face-off versus Andrew Shaw in PHILADELPHIA zone.
8:05 of 2nd period - Shot by Rasmus Andersson.
8:05 of 2nd period - Stopped by Brian Elliott with a rebound.
8:07 of 2nd period - Shot by Jake Virtanen.
8:07 of 2nd period - Shot Misses the Net.
8:09 of 2nd period - Shot by Rasmus Andersson.
8:09 of 2nd period - Shot Misses the Net.
8:11 of 2nd period - Shot by Tyson Jost.
8:11 of 2nd period - Shot Blocked by Michael Stone.
8:15 of 2nd period - Shot by Tyson Jost.
8:15 of 2nd period - Deflect By Michael Grabner.
8:15 of 2nd period - Shot Hit the Post.
8:17 of 2nd period - Shot by Michael Grabner.
8:17 of 2nd period - Shot Hit the Post.
8:35 of 2nd period - Shot by Tyson Jost.
8:35 of 2nd period - Shot Misses the Net.
9:21 of 2nd period - Off-side.
9:22 of 2nd period - Elias Lindholm wins face-off versus Jack Hughes in neutral zone.
9:29 of 2nd period - Shot by Sebastian Aho.
9:29 of 2nd period - Goal by Sebastian Aho - TAMPA BAY : 4 - PHILADELPHIA : 4.
9:30 of 2nd period - Elias Lindholm wins face-off versus Jack Hughes in neutral zone.
9:41 of 2nd period - Shot by Elias Lindholm.
9:41 of 2nd period - Shot Misses the Net.
9:47 of 2nd period - Elias Lindholm is hit by Andy Andreoff and loses puck.
10:42 of 2nd period - Shot by Andre Burakovsky.
10:42 of 2nd period - Shot Misses the Net.
10:48 of 2nd period - Shot by Mathew Barzal.
10:48 of 2nd period - Stopped by Brian Elliott without a rebound.
10:49 of 2nd period - Filip Chytil wins face-off versus Tyler Pitlick in PHILADELPHIA zone.
10:49 of 2nd period - John Klingberg is hit by Michael Stone and loses puck.
11:04 of 2nd period - Shot by Tyler Pitlick.
11:04 of 2nd period - Stopped by Mike Smith without a rebound.
11:05 of 2nd period - Lias Andersson wins face-off versus Tyson Jost in TAMPA BAY zone.
11:09 of 2nd period - Icing by Nick Leddy.
11:10 of 2nd period - Tyson Jost wins face-off versus Andre Burakovsky in TAMPA BAY zone.
11:21 of 2nd period - Shot by Jeff Skinner.
11:21 of 2nd period - Shot Misses the Net.
11:23 of 2nd period - Shot by Erik Gudbranson.
11:23 of 2nd period - Shot Blocked by Nick Leddy.
11:39 of 2nd period - Icing by Michael Grabner.
11:40 of 2nd period - Tyler Ennis wins face-off versus Tyson Jost in TAMPA BAY zone.
11:41 of 2nd period - Shot by Andrew Shaw.
11:41 of 2nd period - Deflect By Tyler Ennis.
11:41 of 2nd period - Shot Misses the Net.
11:45 of 2nd period - Shot by Tyler Pitlick.
11:45 of 2nd period - Shot Misses the Net.
11:47 of 2nd period - Shot by Tyler Pitlick.
11:47 of 2nd period - Stopped by Mike Smith with a rebound.
13:44 of 2nd period - Shot by Anthony Cirelli.
13:44 of 2nd period - Deflect By Jeff Skinner.
13:44 of 2nd period - Shot Misses the Net.
13:46 of 2nd period - Shot by Michael Stone.
13:46 of 2nd period - Stopped by Mike Smith without a rebound.
13:47 of 2nd period - Lias Andersson wins face-off versus Filip Chytil in TAMPA BAY zone.
14:08 of 2nd period - Shot by Mathias Brome.
14:08 of 2nd period - Deflect By Eeli Tolvanen.
14:08 of 2nd period - Stopped by Mike Smith without a rebound.
14:09 of 2nd period - Andrew Shaw wins face-off versus Elias Lindholm in TAMPA BAY zone.
14:09 of 2nd period - Andrew Shaw is hit by John Klingberg.
14:23 of 2nd period - Shot by Tyler Pitlick.
14:23 of 2nd period - Shot Misses the Net.
15:37 of 2nd period - Icing by MacKenzie Weegar.
15:38 of 2nd period - Mathew Barzal wins face-off versus Jack Hughes in TAMPA BAY zone.
16:35 of 2nd period - Off-side.
16:36 of 2nd period - Elias Lindholm wins face-off versus Tyler Pitlick in neutral zone.
16:41 of 2nd period - Shot by Filip Forsberg.
16:41 of 2nd period - Shot Misses the Net.
16:43 of 2nd period - Shot by Sebastian Aho.
16:43 of 2nd period - Shot Blocked by Tyler Pitlick.
16:45 of 2nd period - Shot by Elias Lindholm.
16:45 of 2nd period - Shot Misses the Net.
17:07 of 2nd period - Icing by Filip Forsberg.
17:08 of 2nd period - Elias Lindholm wins face-off versus Anthony Cirelli in TAMPA BAY zone.
17:20 of 2nd period - Shot by Elias Lindholm.
17:20 of 2nd period - Deflect By Sebastian Aho.
17:20 of 2nd period - Shot Blocked by Adam Pelech.
17:46 of 2nd period - Shot by Mathew Barzal.
17:46 of 2nd period - Shot Misses the Net.
17:48 of 2nd period - Shot by Vladislav Gavrikov.
17:48 of 2nd period - Shot Misses the Net.
17:52 of 2nd period - Shot by Mathew Barzal.
17:52 of 2nd period - The goal is going for a video replay.
17:52 of 2nd period - The goal is good.
17:52 of 2nd period - Goal by Mathew Barzal - TAMPA BAY : 5 - PHILADELPHIA : 4.
17:53 of 2nd period - Andrew Shaw wins face-off versus Filip Chytil in neutral zone.
17:53 of 2nd period - Andrew Shaw is hit by Robby Fabbri.
18:01 of 2nd period - Rasmus Andersson is hit by Andrew Shaw and loses puck.
18:18 of 2nd period - Shot by Tyler Ennis.
18:18 of 2nd period - Shot Blocked by Rasmus Andersson.
18:42 of 2nd period - Andy Andreoff is hit by Jesper Bratt and loses puck.
18:48 of 2nd period - Mikko Lehtonen is hit by Nick Leddy and loses puck.
19:02 of 2nd period - Jack Hughes is hit by Rasmus Andersson and loses puck.
19:30 of 2nd period - Eeli Tolvanen is hit by Rasmus Andersson and loses puck.
19:40 of 2nd period - Shot by Lias Andersson.
19:40 of 2nd period - Shot Misses the Net.
Goals for this period are 2 for TAMPA BAY vs 0 for PHILADELPHIA.
Shots for this period are 14 for TAMPA BAY vs 5 for PHILADELPHIA.

3rd period


0:01 of 3rd period - Anthony Cirelli wins face-off versus Mathew Barzal in neutral zone.
0:14 of 3rd period - Andre Burakovsky is hit by Mathew Barzal.
0:38 of 3rd period - Shot by Mathew Barzal.
0:38 of 3rd period - Shot Misses the Net.
0:40 of 3rd period - Shot by Jakob Silfverberg.
0:40 of 3rd period - Shot Misses the Net.
0:45 of 3rd period - Icing by Anthony Cirelli.
0:46 of 3rd period - Elias Lindholm wins face-off versus Anthony Cirelli in PHILADELPHIA zone.
1:18 of 3rd period - Icing by Vladislav Gavrikov.
1:19 of 3rd period - Elias Lindholm wins face-off versus Andrew Shaw in TAMPA BAY zone.
1:19 of 3rd period - Elias Lindholm is hit by Tyler Pitlick.
1:33 of 3rd period - Shot by Elias Lindholm.
1:33 of 3rd period - Shot Misses the Net.
1:35 of 3rd period - Shot by Filip Forsberg.
1:35 of 3rd period - Shot Misses the Net.
2:03 of 3rd period - Shot by Jake Virtanen.
2:03 of 3rd period - Shot Misses the Net.
4:14 of 3rd period - Icing by Nick Leddy.
4:15 of 3rd period - Elias Lindholm wins face-off versus Andre Burakovsky in TAMPA BAY zone.
4:27 of 3rd period - Minor Penalty to Filip Forsberg for Elbowing.
4:28 of 3rd period - Elias Lindholm wins face-off versus Jeff Skinner in TAMPA BAY zone.
4:34 of 3rd period - Icing by Travis Sanheim.
4:35 of 3rd period - Elias Lindholm wins face-off versus Anthony Cirelli in PHILADELPHIA zone.
5:02 of 3rd period - Shot by Jeff Skinner.
5:02 of 3rd period - Shot Blocked by John Klingberg.
5:45 of 3rd period - Shot by Andrew Shaw.
5:45 of 3rd period - Stopped by Mike Smith without a rebound.
5:46 of 3rd period - Elias Lindholm wins face-off versus Anthony Cirelli in TAMPA BAY zone.
5:55 of 3rd period - Shot by Travis Sanheim.
5:55 of 3rd period - Stopped by Mike Smith without a rebound.
5:56 of 3rd period - Andrew Shaw wins face-off versus Elias Lindholm in TAMPA BAY zone.
6:03 of 3rd period - Shot by Tyler Pitlick.
6:03 of 3rd period - Stopped by Mike Smith with a rebound.
6:05 of 3rd period - Shot by Tyler Ennis.
6:05 of 3rd period - Shot Blocked by John Klingberg.
6:29 of 3rd period - Shot by Andy Andreoff.
6:29 of 3rd period - Shot Misses the Net.
7:02 of 3rd period - Shot by Robby Fabbri.
7:02 of 3rd period - Shot Misses the Net.
7:04 of 3rd period - Shot by Jesper Bratt.
7:04 of 3rd period - Shot Misses the Net.
7:22 of 3rd period - Shot by MacKenzie Weegar.
7:22 of 3rd period - Shot Misses the Net.
7:24 of 3rd period - Shot by Vladislav Gavrikov.
7:24 of 3rd period - Shot Misses the Net.
7:26 of 3rd period - Shot by Vladislav Gavrikov.
7:26 of 3rd period - Deflect By Tyson Jost.
7:26 of 3rd period - Shot Misses the Net.
7:42 of 3rd period - Shot by Michael Grabner.
7:42 of 3rd period - Shot Misses the Net.
8:10 of 3rd period - Shot by Sebastian Aho.
8:10 of 3rd period - Stopped by Brian Elliott without a rebound.
8:11 of 3rd period - Anthony Cirelli wins face-off versus Mathew Barzal in PHILADELPHIA zone.
8:26 of 3rd period - John Klingberg is hit by Erik Gudbranson and loses puck.
8:46 of 3rd period - Minor Penalty to Erik Gudbranson for Hooking.
8:47 of 3rd period - Anthony Cirelli wins face-off versus Elias Lindholm in PHILADELPHIA zone.
8:53 of 3rd period - Icing by Elias Lindholm.
8:54 of 3rd period - Elias Lindholm wins face-off versus Anthony Cirelli in TAMPA BAY zone.
9:01 of 3rd period - Shot by Elias Lindholm.
9:01 of 3rd period - Stopped by Brian Elliott with a rebound.
9:21 of 3rd period - Shot by Elias Lindholm.
9:21 of 3rd period - Deflect By Sebastian Aho.
9:21 of 3rd period - Shot Misses the Net.
9:23 of 3rd period - Shot by Elias Lindholm.
9:23 of 3rd period - Shot Misses the Net.
9:25 of 3rd period - Shot by Elias Lindholm.
9:25 of 3rd period - Stopped by Brian Elliott without a rebound.
9:26 of 3rd period - Anthony Cirelli wins face-off versus Mathew Barzal in PHILADELPHIA zone.
9:39 of 3rd period - Shot by Jakob Silfverberg.
9:39 of 3rd period - Stopped by Brian Elliott without a rebound.
9:40 of 3rd period - Anthony Cirelli wins face-off versus Mathew Barzal in PHILADELPHIA zone.
10:15 of 3rd period - Shot by John Klingberg.
10:15 of 3rd period - Stopped by Brian Elliott without a rebound.
10:16 of 3rd period - Elias Lindholm wins face-off versus Anthony Cirelli in PHILADELPHIA zone.
10:57 of 3rd period - Shot by Tyson Jost.
10:57 of 3rd period - Shot Blocked by Erik Gudbranson.
10:59 of 3rd period - Shot by John Klingberg.
10:59 of 3rd period - Shot Blocked by Erik Gudbranson.
11:01 of 3rd period - Shot by Zach Werenski.
11:01 of 3rd period - Stopped by Brian Elliott without a rebound.
11:02 of 3rd period - Filip Chytil wins face-off versus Jack Hughes in PHILADELPHIA zone.
11:08 of 3rd period - Robby Fabbri is hit by Niklas Kronwall and loses puck.
11:18 of 3rd period - Off-side.
11:19 of 3rd period - Elias Lindholm wins face-off versus Andrew Shaw in neutral zone.
12:57 of 3rd period - Minor Penalty to Anthony Cirelli for Holding.
12:58 of 3rd period - Lias Andersson wins face-off versus Elias Lindholm in PHILADELPHIA zone.
13:14 of 3rd period - Off-side.
13:15 of 3rd period - Lias Andersson wins face-off versus Mathew Barzal in neutral zone.
15:17 of 3rd period - Rasmus Andersson is hit by Andrew Shaw and loses puck.
15:37 of 3rd period - Icing by Rasmus Andersson.
15:38 of 3rd period - Filip Chytil wins face-off versus Jack Hughes in TAMPA BAY zone.
16:07 of 3rd period - Jack Hughes is hit by Vladislav Gavrikov and loses puck.
16:19 of 3rd period - Icing by Michael Grabner.
16:20 of 3rd period - Anthony Cirelli wins face-off versus Tyson Jost in TAMPA BAY zone.
16:33 of 3rd period - Shot by Andre Burakovsky.
16:33 of 3rd period - Shot Misses the Net.
16:36 of 3rd period - Anthony Cirelli is hit by MacKenzie Weegar and loses puck.
16:37 of 3rd period - Minor Penalty to MacKenzie Weegar for Charging.
16:38 of 3rd period - Elias Lindholm wins face-off versus Andrew Shaw in TAMPA BAY zone.
16:51 of 3rd period - Shot by Michael Stone.
16:51 of 3rd period - Shot Misses the Net.
17:25 of 3rd period - Icing by Anthony Cirelli.
17:26 of 3rd period - Anthony Cirelli wins face-off versus Elias Lindholm in PHILADELPHIA zone.
18:21 of 3rd period - Shot by Andrew Shaw.
18:21 of 3rd period - Shot Misses the Net.
18:23 of 3rd period - Shot by Andrew Shaw.
18:23 of 3rd period - Stopped by Mike Smith without a rebound.
18:24 of 3rd period - Elias Lindholm wins face-off versus Jeff Skinner in TAMPA BAY zone.
18:53 of 3rd period - Shot by Andy Andreoff.
18:53 of 3rd period - Stopped by Mike Smith with a rebound.
18:55 of 3rd period - Shot by Jack Hughes.
18:55 of 3rd period - Stopped by Mike Smith without a rebound.
18:56 of 3rd period - Tyson Jost wins face-off versus Mathias Brome in TAMPA BAY zone.
19:01 of 3rd period - PHILADELPHIA, Brian Elliott is pulled from the net.
19:55 of 3rd period - Shot by Mathew Barzal.
19:55 of 3rd period - Goal by Mathew Barzal - TAMPA BAY : 6 - PHILADELPHIA : 4.
19:55 of 3rd period - Brian Elliott from PHILADELPHIA was sent back in the game.
19:56 of 3rd period - Filip Chytil wins face-off versus Anthony Cirelli in neutral zone.
Goals for this period are 1 for TAMPA BAY vs 0 for PHILADELPHIA.
Shots for this period are 7 for TAMPA BAY vs 6 for PHILADELPHIA.